 Dungeon Crawl Stone Soup version 0.17-a0-1625-g47e540b (webtiles) character file.

14074 tesudzi the Cruncher (level 11, -1/133 HPs)
             Began as a Demonspawn Gladiator on Aug 2, 2015.
             Was a High Priest of Trog.
             Slain by a black bear (4 damage)
             ... on level 2 of the Lair of Beasts.
             The game lasted 00:40:00 (14394 turns).

tesudzi the Cruncher (Demonspawn Gladiator)        Turns: 14394, Time: 00:40:05

Health: -1/133     AC:  8    Str: 21    XL:     11   Next: 83%
Magic:  11/11      EV: 19    Int:  9    God:    Trog [*****.]
Gold:   384        SH:  0    Dex: 20    Spells: 0 memorised, 10 levels left

rFire  . . .     SeeInvis .     W - +4 quarterstaff
rCold  + . .     Clarity  .     Q - troll hide
rNeg   . . .     SustAt   .     (no shield)
rPois  .         Gourm    .     (no helmet)
rElec  .         Spirit   .     w - +0 cloak
rCorr  .         Warding  .     (no gloves)
rMut   .         Stasis   .     y - +1 pair of boots
MR     .....                    (no amulet)
Stlth  ..........               t - +3 ring of dexterity
                                v - ring of protection from cold

@: mighty, berserking (expiring), lethally poisoned (-1 -> -4), very quick, not
resistant to hostile enchantments, extremely unstealthy
A: claws 1, yellow scales 2, nightstalker 1, powered by pain 2
a: Burn Spellbooks, Berserk, Trog's Hand, Brothers in Arms, Renounce Religion


You were on level 2 of the Lair of Beasts.
You worshipped Trog.
Trog was extremely pleased with you.
You were not hungry.

You visited 3 branches of the dungeon, and saw 12 of its levels.
You also visited: Ossuary.

You collected 637 gold pieces.
You spent 253 gold pieces at shops.

Inventory:

Hand weapons
 b - a +0 shortbow
 x - the +9 hunting sling of Sin {speed, Str+4 Dex-4}
   (Trog gifted it to you on level 1 of the Lair of Beasts)

   Attacks with this weapon are significantly faster.
   It affects your strength (+4).
   It affects your dexterity (-4).
 W - a +4 quarterstaff (weapon)
Missiles
 d - 5 throwing nets
 o - 3 arrows of flame
 s - 2 poisoned javelins
 B - 3 poisoned tomahawks (quivered)
Armour
 n - a +0 leather armour
 w - a +0 cloak (worn)
 y - a +1 pair of boots (worn)
 Q - a troll hide (worn)
Jewellery
 i - an uncursed ring of protection from fire
 t - a +3 ring of dexterity (right claw)
 v - a ring of protection from cold (left claw)
Magical devices
 a - a wand of lightning (0)
 c - a wand of confusion (23)
 O - a wand of enslavement (15)
Scrolls
 h - 10 scrolls of remove curse
 j - a scroll of blinking
 q - 2 scrolls of enchant armour {unknown}
 z - 2 scrolls of identify
 A - 4 scrolls of magic mapping
 C - a scroll of fog {unknown}
 K - 2 scrolls of recharging
 L - 5 scrolls of teleportation
 M - a scroll of amnesia {unknown}
 N - a scroll of noise
 R - a scroll of silence
Potions
 g - a potion of flight
 k - 2 potions of haste
 p - a potion of lignification
 r - a potion of magic
 u - 2 potions of heal wounds
 D - 2 potions of might
 E - a potion of berserk rage
 I - a potion of invisibility
Books
 F - a book of Frost

   Spells                             Type                      Level
   a - Freeze                         Ice                          1
   b - Throw Frost                    Conjuration/Ice              2
   c - Ozocubu's Armour               Charms/Ice                   3
   d - Throw Icicle                   Conjuration/Ice              4
   e - Summon Ice Beast               Ice/Summoning                4
   f - Condensation Shield            Ice                          4
   Trog disapproves of the use of such an item.
Comestibles
 e - 4 bread rations
 f - 8 royal jellies
 l - 2 beef jerkies


   Skills:
 + Level 9.3 Fighting
 - Level 12.0 Staves
 - Level 1.7 Throwing
 - Level 5.2 Armour
 + Level 9.1 Dodging


You had 10 spell levels left.
You didn't know any spells.

Dungeon Overview and Level Annotations

Branches:
Dungeon (9/15)             Temple (1/1) D:6            Lair (2/8) D:9
    Orc (0/4) D:9

Altars:
Ashenzari
Dithmenos
Gozag
Kikubaaqudgha
Makhleb
Okawaru
Qazlal
Ru
Sif Muna
Trog
Vehumet
Xom
Zin

Shops:
D:5 *   D:6 ?   D:8 (


Innate Abilities, Weirdness & Mutations

You have sharp fingernails.
You are mostly covered in yellow scales (AC +3).
You are slightly more attuned to the shadows.
You sometimes gain power by taking damage.


Message History

You feel sick. The giant frog completely misses you.
The spiny frog completely misses you.
You barely miss the black bear. The giant frog completely misses you.
The black bear bites you.
* * * LOW HITPOINT WARNING * * *
The black bear completely misses you. The black bear barely misses you.
You thump the black bear!
The black bear is severely wounded.
You feel sick. The spiny frog stings you!
* * * LOW HITPOINT WARNING * * *
Unknown command.
You are too berserk!
You are too berserk!
You closely miss the black bear.
The black bear is severely wounded.
You feel sick. The giant frog hits you.
* * * LOW HITPOINT WARNING * * *
The black bear bites you but does no damage.
The black bear claws you.
You die...

### . #..# ≈P
....### ≈≈≈
P$###..#.##≈≈.P
...>..rFFhh≈≈..
P..P# #@#≈≈.P.
.<... #h#≈..(.
#...###.hP.h..
##.#.P.........
#....P.###.≈..S
#..#.P..# ..#..
#P.P...###.## .
#..P.P.#P.##
##.........#


You could see a spiny frog, 4 black bears, a giant frog and a porcupine.

Vanquished Creatures
  A death yak (D:9)
  The ghost of karlkraus the Blocker, an experienced MiFi of Ru (D:8)
  Pikel (D:6)
  Maurice (D:9)
  2 centaur skeletons
  2 komodo dragons (Lair:1)
  3 black mambas (Lair:1)
  A queen bee (D:9)
  A troll (D:9)
  2 polar bears (Lair:2)
  The ghost of asdu the Cudgeler, an average NaBe of Trog (Ossuary)
  5 yaks (D:9)
  A hippogriff (D:9)
  A hungry ghost (D:7)
  A steam dragon (D:9)
  Edmund (D:6)
  6 orc warriors
  5 phantoms
  5 water moccasins (Lair:1)
  5 black bears
  A porcupine (Lair:1)
  A sky beast (D:6)
  An ice beast (D:8)
  2 ogres
  3 centaurs
  3 crocodiles (Lair:1)
  2 big kobolds (D:8)
  5 elf zombies (Ossuary)
  6 giant frogs
  20 killer bees
  4 scorpions
  2 electric eels (D:9)
  2 crimson imps
  2 quasits
  8 centaur zombies
  6 hounds
  3 human zombies (Ossuary)
  2 jellies
  3 orc priests
  12 orc wizards
  7 worker ants
  8 iguanas
  A killer bee zombie (D:8)
  3 mummies (Ossuary)
  A hound zombie (D:6)
  2 hound skeletons
  52 gnolls
  2 worker ant zombies (D:5)
  15 adders
  39 river rats
  3 oozes
  4 worms
  An adder skeleton (D:5)
  3 adder zombies
  8 giant geckos
  46 orcs
  5 ball pythons
  7 bats
  5 giant cockroaches
  9 hobgoblins
  30 jackals
  4 quokkas
  A giant gecko zombie (D:7)
  5 giant newts
  9 goblins
  20 kobolds
  2 quokka zombies
  7 rats
  A butterfly (D:6)
434 creatures vanquished.

Vanquished Creatures (collateral kills)
  A hydra (Lair:1)
  A porcupine (Lair:1)
2 creatures vanquished.

Vanquished Creatures (others)
  A sky beast (D:6)
  A giant frog (D:6)
  An adder skeleton (D:6)
  7 jackals (D:6)
  A ball python (D:5)
  A butterfly (D:6)
  3 fungi (Lair:1)
  2 plants (Lair:1)
17 creatures vanquished.

Grand Total: 453 creatures vanquished

Notes
Turn   | Place    | Note
--------------------------------------------------------------
     0 | D:1      | tesudzi the Demonspawn Gladiator began the quest for the Orb.
     0 | D:1      | Reached XP level 1. HP: 16/16 MP: 1/1
   149 | D:1      | Gained mutation: You sometimes gain a little power by taking damage. [demonic ancestry]
   149 | D:1      | Reached XP level 2. HP: 18/23 MP: 2/2
   228 | D:1      | Reached skill level 3 in Fighting
   760 | D:2      | Reached XP level 3. HP: 28/30 MP: 3/3
  1128 | D:2      | Reached skill level 4 in Fighting
  1420 | D:2      | Reached XP level 4. HP: 20/38 MP: 4/4
  2467 | D:3      | Reached skill level 5 in Fighting
  2528 | D:3      | Gained mutation: You are partially covered in yellow scales (AC +2). [demonic ancestry]
  2528 | D:3      | Reached XP level 5. HP: 41/44 MP: 5/5
  3209 | D:4      | Gained mutation: You are slightly more attuned to the shadows. [demonic ancestry]
  3209 | D:4      | Reached XP level 6. HP: 40/51 MP: 6/6
  3524 | D:4      | Noticed an ogre
  3537 | D:4      | Killed an ogre
  3537 | D:4      | Reached skill level 5 in Staves
  3842 | D:4      | Found an opulent altar of Gozag.
  4014 | D:4      | Reached XP level 7. HP: 51/56 MP: 7/7
  4029 | D:4      | Reached skill level 6 in Staves
  4226 | D:5      | Entered Level 5 of the Dungeon
  4590 | D:5      | Found a sacrificial altar of Ru.
  4634 | D:5      | Reached skill level 7 in Staves
  5205 | D:5      | Found Dyfrury's Elemental Accessories.
  5211 | D:5      | Gained mutation: You are mostly covered in yellow scales (AC +3). [demonic ancestry]
  5211 | D:5      | Reached XP level 8. HP: 50/62 MP: 8/8
  5291 | D:5      | Found a stormy altar of Qazlal.
  5371 | D:5      | Found a glowing silver altar of Zin.
  5408 | D:6      | Found a bloodstained altar of Trog.
  5425 | D:5      | Reached skill level 8 in Staves
  5549 | D:6      | Became a worshipper of Trog the Wrathful
  5629 | D:6      | Reached skill level 9 in Staves
  5664 | D:6      | Found a shadowy altar of Dithmenos.
  5714 | D:6      | Gained mutation: You have a pair of small horns on your head. [potion of beneficial mutation]
  5763 | D:6      | Found a staircase to the Ecumenical Temple.
  5779 | Temple   | Entered the Ecumenical Temple
  5798 | D:6      | Found a shimmering altar of Xom.
  5892 | D:6      | Noticed Pikel
  5894 | D:6      | Found Lybbust's Magic Scroll Shoppe.
  5914 | D:6      | Killed Pikel
  5914 | D:6      | Reached skill level 10 in Staves
  5914 | D:6      | Gained mutation: You have sharp fingernails. [demonic ancestry]
  5914 | D:6      | Reached XP level 9. HP: 58/68 MP: 9/9
  5928 | D:6      | Bought a scroll of identify for 22 gold pieces
  5928 | D:6      | Bought a scroll of blinking for 82 gold pieces
  5928 | D:6      | Bought a scroll of identify for 22 gold pieces
  5928 | D:6      | Bought a scroll of identify for 22 gold pieces
  5928 | D:6      | Bought a scroll of teleportation for 33 gold pieces
  6017 | D:6      | Found an ancient bone altar of Kikubaaqudgha.
  6019 | D:6      | Found a deep blue altar of Sif Muna.
  6019 | D:6      | Found a radiant altar of Vehumet.
  6023 | D:6      | Identified Sif Muna's Volume of Calling
  6027 | D:6      | Acquired Trog's first power
  6130 | D:6      | Reached skill level 11 in Staves
  6450 | D:6      | Acquired Trog's second power
  6454 | D:6      | Reached skill level 1 in Armour
  6640 | D:6      | Noticed Edmund
  6656 | D:6      | Killed Edmund
  8167 | D:7      | Found a sand-covered staircase.
  8187 | Ossuary  | Entered an ossuary
  8233 | Ossuary  | Gained mutation: You sometimes gain power by taking damage. [demonic ancestry]
  8233 | Ossuary  | Reached XP level 10. HP: 58/75 MP: 10/10
  8268 | Ossuary  | Noticed asdu's ghost (average NaBe)
  8272 | Ossuary  | Killed asdu's ghost
  8272 | Ossuary  | Reached skill level 5 in Dodging
  9200 | D:8      | Noticed karlkraus's ghost (experienced MiFi)
  9242 | D:8      | Killed karlkraus's ghost
  9242 | D:8      | Reached skill level 5 in Armour
  9859 | D:8      | Found Lomut's Antique Weapon Shoppe.
  9867 | D:8      | Bought a glowing quarterstaff for 72 gold pieces
  9978 | D:9      | Noticed Maurice
  9986 | D:9      | Killed Maurice
 10095 | D:9      | Found a stormy altar of Qazlal.
 10202 | D:9      | Acquired Trog's third power
 10372 | D:9      | Reached XP level 11. HP: 47/84 MP: 11/11
 11023 | D:9      | Noticed a death yak
 11050 | D:9      | Killed a death yak
 11583 | D:9      | Found a burning altar of Makhleb.
 11597 | D:9      | Found an iron altar of Okawaru.
 11637 | D:9      | Found a shattered altar of Ashenzari.
 11672 | D:9      | Found a staircase to the Lair.
 11825 | D:9      | Found a staircase to the Orcish Mines.
 12037 | D:9      | Lost mutation: You have a pair of small horns on your head. [potion of cure mutation]
 12205 | Lair:1   | Entered Level 1 of the Lair of Beasts
 12647 | Lair:1   | Noticed a six-headed hydra
 12658 | Lair:1   | Killed a six-headed hydra
 12926 | Lair:1   | Reached skill level 12 in Staves
 13946 | Lair:1   | Received a gift from Trog
 13970 | Lair:1   | Got an ichor-stained hunting sling {god gift}
 13971 | Lair:1   | Identified the +9 hunting sling of Sin {speed, Str+4 Dex-4} (Trog gifted it to you on level 1 of the Lair of Beasts)
 14394 | Lair:2   | HP: 6/133 [poisoned by a spiny frog]
 14394 | Lair:2   | Slain by a black bear

Vault maps used:
D:1:      minmay_arrival_checkered_box
D:2:      serial_bayou_lagoon_a
D:3:      grunt_ministairs_6
D:4:      nicolae_overflow_crystal_walls
D:5:      zin_treasury, kennysheep_mini_moat, nicolae_qazlal_eye_of_the_storm,
          first_bread, serial_undead, serial_undead_b, serial_undead_a,
          serial_undead_e, serial_undead_c, nicolae_elemental_shop
D:6:      lemuel_castle_with_subvaults, grunt_temple_overflow_magic_moments,
          xom_butterflies, trog_ov_bears_minmay,
          minmay_temple_entry_statues_fountains, serial_shops, shop_fountains,
          nicolae_dithmenos_through_a_glass_darkly, uniq_pikel, uniq_edmund
D:7:      nicolae_ossuary_entry_ruins
D:8:      serial_shops, shop
D:9:      overflow_temple_1_default, amethyst_overflow_temple_binary,
          dpeg_lair_monsters, erik_orc_2, basic_altar, david_nohive_1,
          hex_large, st_stairs_14, uniq_maurice
Temple:   temple_island_7
Lair:1:   minivault_11, beast_lair_carwin_8
Lair:2:   beast_lair_carwin_large_4
Ossuary:  ossuary_minmay_four_chambers

Action                   |  1- 3 |  4- 6 |  7- 9 | 10-12 || total
-------------------------+-------+-------+-------+-------++-------
Melee: Quarterstaff      |   106 |   302 |   490 |   734 ||  1632
 Fire: Shortbow          |       |       |       |    16 ||    16
Throw: Tomahawk          |       |     3 |     5 |    10 ||    18
       Throwing net      |       |     3 |       |     4 ||     7
Invok: Berserk           |       |       |     2 |     5 ||     7
       Burn Spellbooks   |       |       |     2 |       ||     2
       Trog's Hand       |       |       |     1 |     3 ||     4
       Brothers in Arms  |       |       |       |     2 ||     2
Evoke: Wand              |       |       |       |     4 ||     4
  Use: Scroll            |       |       |    16 |     4 ||    20
       Potion            |       |       |     2 |    11 ||    13
 Stab: Sleeping          |     1 |     4 |     7 |     4 ||    16
       Distracted        |       |       |     2 |     3 ||     5
       Invisible         |       |       |       |     1 ||     1
  Eat: Chunk             |     2 |     5 |     6 |     5 ||    18
       Fruit             |       |     4 |     3 |       ||     7
       Meat ration       |       |       |     1 |     3 ||     4
       Bread ration      |       |       |     1 |     2 ||     3
       Pizza             |       |       |     1 |       ||     1
